 Dungeon Crawl Stone Soup version 0.31-a0-846-gb3bcc0d938 (webtiles) character file.

Game seed: 12993882500969597323

2008268 Nattfarinn the Metallomancer (level 27, 151/193 HPs)
             Began as a Gargoyle Venom Mage on Oct 4, 2023.
             Was the Champion of Vehumet.
             Escaped with the Orb
             ... and 4 runes!
             The game lasted 05:01:20 (93287 turns).

Nattfarinn the Metallomancer (Gargoyle Venom Mage) Turns: 93287, Time: 05:01:21

Health: 151/193    AC: 32    Str: 22    XL:     27
Magic:  38/41      EV: 17    Int: 40    God:    Vehumet [******]
Gold:   7181       SH: 20    Dex: 14    Spells: 6/54 levels left

rFire   + + +        d - +7 consecrated labrys {holy, Valiant Fragile Fly SInv}
rCold   + + .        S - +0 kite shield of Oloxutag {rF+ Int+2}
rNeg    + . .        Y - +1 robe of Vines {NoPotionHeal Regen++++}
rPois   ∞            s - +1 hat of Jefock {Fly rC+ Will++ Stlth-}
rElec   +            f - scarf "Wuvul" {rC+ rF+, SInv}
rCorr   .            V - +0 pair of gloves of the Unbroken {rElec rF+ Dex+4}
SInv    +            m - +3 pair of seven-league boots {Rampage+∞}
Will    ++++.        X - amulet of the Philosopher {Reflect Str+3 SH+5}
Stlth   +            j - ring "Asmeh" {Str+6 Int+3}
HPRegen 3.72/turn    P - ring of Toiniuzu {Int+6 Slay+4}
MPRegen 0.27/turn

%: reflection, rampage+∞
@: flying, studying Short Blades
A: sickness immunity, AC +20, big wings, negative energy resistance 1,
electricity resistance, torment resistance 1, petrification resistance, horns 1,
mutation resistance 1
0: Orb of Zot
}: 4/15 runes: serpentine, barnacled, slimy, silver
a: Renounce Religion


You escaped.
You worshipped Vehumet.
Vehumet was exalted by your worship.
You visited 12 branches of the dungeon, and saw 56 of its levels.
You also visited: Trove, Bailey, Ice Cave, Volcano and Desolation.

You collected 10221 gold pieces.
You spent 3040 gold pieces at shops.

Inventory:

Hand Weapons
 d - the +7 consecrated labrys (weapon) {holy, Valiant Fragile Fly SInv}
   (You found it on level 2 of the Depths)

   Valiant:   It becomes more powerful as more dangerous foes come into view.
   SInv:      It lets you see invisible.
   Fly:       It grants you flight.
   Fragile:   It will be destroyed if unequipped.
Armour
 f - the scarf "Wuvul" (worn) {rC+ rF+, SInv}
   (You found it in a treasure trove)

   SInv:      It lets you see invisible.
 h - the +3 pair of gauntlets of War {Slay+5}
   (You found it in a treasure trove)

   Slay+5:    It affects your accuracy & damage with ranged weapons and melee
   (+5).
 m - the +3 pair of seven-league boots (worn) {Rampage+∞}
   (You found it in a treasure trove)

   Rampage+∞: When moving toward enemies, its wearer moves as far as possible,
   alerting their target en route.
 p - a +2 cloak
 s - the +1 hat of Jefock (worn) {Fly rC+ Will++ Stlth-}
   (You found it on level 2 of the Orcish Mines)

   rC+:       It protects you from cold.
   Will++:    It greatly increases your willpower.
   Fly:       It grants you flight.
   Stlth-:    It makes you less stealthy.
 S - the +0 kite shield of Oloxutag (worn) {rF+ Int+2}
   (You found it in a treasure trove)

   Int+2:     It affects your intelligence (+2).
   rF+:       It protects you from fire.
 V - the +0 pair of gloves of the Unbroken (worn) {rElec rF+ Dex+4}
   (You found it on level 10 of the Dungeon)

   Dex+4:     It affects your dexterity (+4).
   rF+:       It protects you from fire.
   rElec:     It insulates you from electricity.
 Y - the +1 robe of Vines (worn) {NoPotionHeal Regen++++}
   (You found it on level 4 of the Lair of Beasts)

   NoPotionHeal: Its wearer cannot be healed by potions.
   Regen++++: It increases your rate of health regeneration.
Jewellery
 j - the ring "Asmeh" (left hand) {Str+6 Int+3}
   (You took it off an ironbound convoker on level 3 of the Vaults)

   [ring of strength]

   Str+6:     It affects your strength (+6).
   Int+3:     It affects your intelligence (+3).
 x - the ring "Systuc" {*Corrode rF+ rC++ rN++}
   (You found it on level 2 of the Crypt)

   [ring of protection from fire]

   rF+:       It protects you from fire.
   rC++:      It greatly protects you from cold.
   rN++:      It greatly protects you from negative energy.
   *Corrode:  It may corrode you when you take damage.
 O - the ring "Zunuarr" {rN+ Str+3 Int+3 Stlth+}
   (You found it on level 3 of the Crypt)

   [ring of positive energy]

   Str+3:     It affects your strength (+3).
   Int+3:     It affects your intelligence (+3).
   rN+:       It protects you from negative energy.
   Stlth+:    It makes you more stealthy.
 P - the ring of Toiniuzu (right hand) {Int+6 Slay+4}
   (You took it off a draconian scorcher on level 2 of the Realm of Zot)

   [ring of intelligence]

   Int+6:     It affects your intelligence (+6).
   Slay+4:    It affects your accuracy & damage with ranged weapons and melee
   (+4).
 T - the ring of Makhleb's Esteem {rPois Str+6 Int+6 Slay-5 SInv}
   (You found it on level 5 of the Pits of Slime)

   [ring of intelligence]

   Str+6:     It affects your strength (+6).
   Int+6:     It affects your intelligence (+6).
   Slay-5:    It affects your accuracy & damage with ranged weapons and melee
   (-5).
   rPois:     It protects you from poison SInv: It lets you see invisible.
 X - the amulet of the Philosopher (around neck) {Reflect Str+3 SH+5}
   (You found it on level 4 of the Lair of Beasts)

   [amulet of reflection]

   Reflect:   It reflects blocked missile attacks.
   Str+3:     It affects your strength (+3).
   SH+5:      It affects your SH (+5).
Wands
 a - a wand of mindburst (22)
 i - a wand of charming (81)
 E - a wand of polymorph (27)
 G - a wand of acid (53)
 L - a wand of roots (37)
 N - a wand of digging (32)
Scrolls
 c - 6 scrolls of amnesia
 e - a scroll of blinking
 g - 7 scrolls of fog
 k - 14 scrolls of teleportation
 l - 4 scrolls of butterflies
 q - 4 scrolls of poison
 u - 6 scrolls of silence
 w - 9 scrolls of vulnerability
 y - 4 scrolls of torment
 C - 6 scrolls of revelation
 H - 2 scrolls of enchant weapon
 I - 9 scrolls of fear
 W - 12 scrolls of enchant armour
 Z - 4 scrolls of immolation
Potions
 b - a potion of haste
 n - 7 potions of berserk rage
 r - 8 potions of lignification
 t - 5 potions of resistance
 v - 3 potions of ambrosia
 z - 4 potions of cancellation
 A - 16 potions of mutation
 B - 12 potions of enlightenment
 D - 18 potions of curing
 F - a potion of heal wounds
 J - 6 potions of invisibility
 M - 9 potions of brilliance
 Q - 4 potions of attraction
 R - 4 potions of magic
 U - 10 potions of might


   Skills:
 * Level 25.0 Fighting
 - Level 14.4 Axes
 - Level 0.3(10.1) Maces & Flails
 - Level 13.7 Armour
 - Level 12.3 Dodging
 - Level 2.1 Stealth
 - Level 18.6 Shields
 - Level 14.2 Spellcasting
 - Level 20.6 Conjurations
 - Level 0.7 Transmutations
 - Level 20.6 Fire Magic
 - Level 25.5 Earth Magic
 - Level 8.2 Poison Magic


You had 6 spell levels left.
You knew the following spells:

 Your Spells              Type           Power      Damage    Failure   Level
a - Sting                 Tmut/Pois      100%       1d8       1%          1
b - Sandblast             Erth           100%       2d20      0%          1
c - Stone Arrow           Conj/Erth      100%       3d13      0%          3
d - Poisonous Vapours     Pois/Air       100%       N/A       1%          2
e - Passwall              Tmut/Erth      77%        N/A       0%          2
f - Mephitic Cloud        Conj/Pois/Air  81%        N/A       1%          3
g - Shatter               Erth           62%        3d46*     1%          9
h - Ignition              Fire           57%        3d16      1%          8
i - Lehudib's Crystal Sp  Conj/Erth      59%        10d14     1%          8
j - Blink                 Tloc           56%        N/A       2%          2
k - Fire Storm            Conj/Fire      57%        8d14      9%          9

Your spell library contained the following spells:

 Spells                   Type           Power      Damage    Failure   Level
 Maxwell's Capacitive Co  Air            14%        ∞         100%        8
 Polar Vortex             Ice            14%        12d1*     100%        9
 Foxfire                  Conj/Fire      100%       2x1d9     0%          1
 Kiss of Death            Conj/Necr      100%       2d13      0%          1
 Magic Dart               Conj           100%       1d8       0%          1
 Scorch                   Fire           100%       2d9       0%          2
 Brom's Barrelling Bould  Conj/Erth      100%       2d11      0%          4
 Flame Wave               Conj/Fire      100%       2d21      0%          4
 Sticky Flame             Conj/Fire      100%       2d11      0%          4
 Fireball                 Conj/Fire      57%        3d22      0%          5
 Iskenderun's Battlesphe  Conj           100%       2d15      0%          5
 Lee's Rapid Deconstruct  Erth           62%        3d29*     0%          5
 Bombard                  Conj/Erth      59%        9d10      0%          6
 Apportation              Tloc           56%        N/A       1%          1
 Freeze                   Ice            100%       1d10      1%          1
 Necrotise                Necr           100%       1d9       1%          1
 Summon Small Mammal      Summ           100%       N/A       1%          1
 Momentum Strike          Conj/Tloc      100%       3d10      1%          2
 Static Discharge         Conj/Air       100%       2-7/arc   1%          2
 Wereblood                Tmut           34%        N/A       1%          2
 Frozen Ramparts          Ice            56%        1d9       1%          3
 Hailstorm                Conj/Ice       84%        3d17      1%          3
 Ignite Poison            Fire/Tmut/Pois 82%        N/A       1%          3
 Inner Flame              Hex/Fire       84%        N/A       1%          3
 Volatile Blastmotes      Fire/Tloc      100%       2d18      1%          3
 Animate Armour           Summ/Erth      100%       N/A       1%          4
 Fulminant Prism          Conj/Hex       42%        3d19      1%          4
 Iskenderun's Mystic Bla  Conj/Tloc      84%        2d17      1%          4
 Olgreb's Toxic Radiance  Pois           76%        N/A       1%          4
 Borgnjor's Vile Clutch   Necr/Erth      46%        N/A       1%          5
 Freezing Cloud           Conj/Ice/Air   35%        6-21      1%          5
 Irradiate                Conj/Tmut      42%        3d25      1%          5
 Conjure Ball Lightning   Conj/Air       42%        3x3d15    1%          6
 Plasma Beam              Fire/Air       42%        2x1d56    1%          6
 Starburst                Conj/Fire      57%        6d15      1%          6
 Call Imp                 Summ           56%        N/A       2%          2
 Ensorcelled Hibernation  Hex/Ice        56%        N/A       2%          2
 Jinxbite                 Hex            56%        N/A       2%          2
 Lesser Beckoning         Tloc           56%        N/A       2%          2
 Call Canine Familiar     Summ           28%        N/A       4%          3
 Confusing Touch          Hex            28%        N/A       4%          3
 Gell's Gravitas          Tloc           28%        N/A       4%          3
 Ozocubu's Armour         Ice            28%        N/A       4%          3
 Summon Guardian Golem    Hex/Summ       28%        N/A       4%          3
 Teleport Other           Tloc           28%        N/A       4%          3
 Tukima's Dance           Hex            28%        N/A       4%          3
 Vampiric Draining        Necr           28%        2d8       4%          3
 Airstrike                Air            14%        2d(2-18)  4%          4
 Alistair's Intoxication  Tmut/Pois      39%        N/A       7%          5
 Yara's Violent Unravell  Hex/Tmut       15%        3d8       10%         5
 Eringya's Noxious Bog    Tmut/Pois      29%        4d6       11%         6
 Anguish                  Hex/Necr       14%        N/A       16%         4
 Cause Fear               Hex            14%        N/A       16%         4
 Dimensional Bullseye     Hex/Tloc       14%        N/A       16%         4
 Dispel Undead            Necr           28%        3d13      16%         4
 Manifold Assault         Tloc           28%        N/A       16%         4
 Passage of Golubria      Tloc           28%        N/A       16%         4
 Summon Ice Beast         Ice/Summ       28%        N/A       16%         4
 Summon Lightning Spire   Summ/Air       28%        N/A       16%         4
 Agony                    Necr           28%        N/A       38%         5
 Metabolic Englaciation   Hex/Ice        14%        N/A       38%         5
 Silence                  Hex/Air        14%        N/A       38%         5
 Summon Mana Viper        Hex/Summ       28%        N/A       38%         5
 Death Channel            Necr           14%        N/A       93%         6
 Dispersal                Tloc           14%        N/A       93%         6
 Simulacrum               Ice/Necr       14%        N/A       93%         6
 Summon Cactus Giant      Summ           14%        N/A       93%         6
 Orb of Destruction       Conj           57%        9d14      1%          7
 Spellforged Servitor     Conj/Summ      42%        N/A       5%          7
 Ozocubu's Refrigeration  Ice            14%        4d10      95%         7
 Chain Lightning          Conj/Air       42%        3d56      99%         9
 Haunt                    Necr/Summ      14%        N/A       100%        7
 Monstrous Menagerie      Summ           14%        N/A       100%        7
 Borgnjor's Revivificati  Necr           14%        N/A       100%        8
 Discord                  Hex            14%        N/A       100%        8
 Disjunction              Tloc           14%        N/A       100%        8
 Death's Door             Necr           14%        N/A       100%        9
 Dragon's Call            Summ           14%        N/A       100%        9
 Cigotuvi's Dreadful Rot  Necr/Pois/Air  Unusable   N/A       N/A         2

Dungeon Overview and Level Annotations

Branches:
Dungeon (15/15)            Temple (1/1) D:6            Lair (5/5) D:9
 Shoals (4/4) Lair:2        Snake (4/4) Lair:3        Slime (5/5) Lair:5
    Orc (2/2) D:10            Elf (3/3) Orc:2        Vaults (5/5) D:13
  Crypt (3/3) Vaults:2       Tomb (0/3) Crypt:3      Depths (4/4) D:15
    Zot (5/5) Depths:4     Bailey (visited)           IceCv (visited)
Volcano (visited)         Desolation (visited)

Altars:
Ashenzari
Cheibriados
Dithmenos
Elyvilon
Fedhas
Gozag
Hepliaklqana
Kikubaaqudgha
Makhleb
Nemelex Xobeh
Okawaru
Qazlal
Ru
Sif Muna
Trog
Uskayaw
Vehumet
Wu Jian
Xom
Yredelemnul
Zin
The Shining One
Jiyva

Shops:
D:2 (=(=*   D:8 [   D:13 *   Orc:2 :[=(*   Elf:3 *   Snake:1 *(?   Snake:2 :!!(
Vaults:2 (   Vaults:4 (   Depths:1 (   Depths:2 *   Depths:3 (

Portals:
Hell: Depths:1 Depths:2 Depths:3 Depths:4
Abyss: Lair:5 Depths:3
Pandemonium: Depths:2
Ziggurat: Depths:3

Annotations:
Lair:5 1 transporter
Depths:2 1 runed translucent door
Depths:4 1 runed translucent door
Zot:2 2 transporters


Innate Abilities, Weirdness & Mutations

You are immune to sickness and miasma.
Your stone body is resilient. (AC +20)
You are immune to poison.
Your large and strong wings let you fly.
You resist negative energy. (rN+)
You are resistant to electric shocks. (rElec)
You are resistant to unholy torment.
You are immune to petrification.
You have a pair of small horns on your head.
You are somewhat resistant to further mutation.


Message History

3 stones; a +0 dagger
There is an escape hatch in the ceiling here.
A mysterious force pulls you upwards. The hatch slams shut behind you.
Casting: Passwall (safe; 0% risk of failure)
Confirm with . or Enter, or press ? or * to list all spells.
Aiming: Passwall (safe; 0% risk of failure)
Press: ? - help, Dir - move target A rock wall.
This square is covered in magical glow.
You begin to meditate on the wall.
You continue meditating on the rock. x5
You finish merging with the rock.
There is a stone staircase leading up here.
You fly upwards.
There is a stone staircase leading down here.
There is a stone staircase leading up here.
You fly upwards.
There is a stone staircase leading down here.
An Ice Fiend comes into view.
The Ice Fiend gestures at you. The bolt of cold hits you. You resist.
A demonic crawler comes into view.
You reach down and open the door.
There is an open door here.
Okay, then.
Which direction?
Unknown command.
Casting: Passwall (safe; 0% risk of failure)
Confirm with . or Enter, or press ? or * to list all spells.
The dungeon rumbles!
A door shatters! x2
You kill the demonic crawler!
Vehumet accepts your kill.
You feel your power returning.
A door shatters!
Ka-crash!
Unknown command.
There is a staircase leading out of the dungeon here.
Char dumped successfully.
The Ice Fiend calls on the powers of darkness!
Your body is wracked with pain!
You have escaped!

..........#...........#...##..##
######.##...#.#######..........#
#.##..##.......##..#.##...#
#.#..##.#######.##...##...#
##.......#.≈..)##.##..##...##
#####.......#.#####.##.#..##....#
...#..#.†#.#1.#...##.#.#..##.#...
...# ##.#.#.#.###.#.#.#..##.....
...# #s#.#.#≈.@#.#.'.#..##....#
#### #.#.#.#.##..#.#≈#..##...))
#######1#(#.##...#..#.#...#....#
#.....#.#.##.#####.##.#......>..
#.....#.##.##.....##.##..##..###
##.....#..##.#######.##...##..# #
.......##..##.......##..#.##..# #
.......##...#########...#.##..# #
...#####..#......1....#.#.##..###


You could see an Ice Fiend.

Vanquished Creatures
  the Royal Jelly (Slime:5)
  A pandemonium lord (Zot:2)
  4 ancient liches
  3 dread liches
  Mara (Vaults:4)
  4 orbs of fire
  Josephina (Crypt:3)
  The ghost of Wuppom the Warrior, a veteran GrFi of the Shining One (Crypt:2)
  The ghost of Utoppaes the Warrior, a veteran GrFi of the Shining One (Crypt:2)
  6 Killer Klowns (Zot:5)
  Frederick (Vaults:5)
  The ghost of Qufid the Axe Maniac, a veteran MiBe of Trog (Crypt:3)
  5 caustic shrikes
  4 curse toes
  Saint Roka (Vaults:5)
  The ghost of Ipoacuoz the Acrobat, a veteran TeWr of Wu Jian (Depths:4)
  11 golden dragons
  Norris (Elf:2)
  3 bone dragons
  3 doom hounds (Crypt:3)
  3 electric golems
  A shard shrike zombie (Crypt:3)
  A Tzitzimitl (Depths:1)
  24 Orb Guardians
  Rupert (Lair:5)
  A walking earthen tome (Depths:2)
  Jorgrun (D:14)
  Grunn (Crypt:3)
  A walking crystal tome (Depths:2)
  6 liches
  Mlioglotl (Shoals:2)
  23 tentacled monstrosities
  A walking divine tome (Depths:2)
  3 deep elf blademasters
  6 quicksilver dragons
  5 titans
  7 sphinxes
  2 deep elf master archers (Elf:3)
  Polyphemus (Shoals:2)
  14 acid blobs
  8 ancient champions
  3 krakens
  4 death cobs
  Gastronok (D:10)
  Frances (D:13)
  10 azure jellies
  8 shadow dragons
  Aizul (Shoals:2)
  Donald (Shoals:3)
  5 revenants
  13 rockslimes
  15 draconian monks
  13 storm dragons
  12 tengu reavers
  7 fire giants
  6 draconian knights
  18 vault wardens
  2 iron dragons
  A daeva (Shoals:4)
  7 nagarajas
  10 frost giants
  2 imperial myrmidons (Desolation)
  Louise (Shoals:1)
  6 deep elf sorcerers
  11 draconian scorchers
  2 ghost moths
  8 draconian shifters
  3 deep elf elementalists
  3 orc warlords
  The ghost of Ratslayer the Impaler, a journeyman MiBe of Trog (Lair:5)
  6 draconian annihilators
  2 curse skulls
  28 very ugly things
  9 green draconians
  A reaper (Depths:2)
  4 ghouls
  10 draconian stormcallers
  A war gargoyle (Vaults:4)
  27 ironbound preservers
  2 spriggan defenders (Depths:3)
  4 quicksilver oozes (Slime:5)
  5 formless jellyfish
  9 ironbound thunderhulks
  6 vampire knights
  14 stone giants
  11 black draconians
  A rockslime zombie (Crypt:3)
  5 deep elf demonologists (Elf:3)
  10 red draconians
  3 spark wasps (Depths:3)
  15 white draconians
  15 purple draconians
  5 dire elephants
  A halazid warlock (Desolation)
  14 yellow draconians
  12 deep elf annihilators
  5 eidola
  2 blizzard demons (IceCv)
  5 merfolk javelineers
  10 deep elf death magi
  7 crystal guardians
  16 jiangshi
  6 merfolk impalers (Shoals:4)
  A mummy priest (Crypt:3)
  3 entropy weavers
  Harold (Lair:1)
  3 rakshasas
  9 ettins
  4 deep elf high priests
  14 great orbs of eyes
  3 ragged hierophants (Desolation)
  2 salamander tyrants
  3 fire dragons
  14 yaktaur captains
  7 servants of whispers (Desolation)
  11 peacekeepers
  7 hydras
  9 ironbound frosthearts
  3 ogre magi
  8 ice dragons
  2 merfolk avatars
  3 catoblepae
  6 merfolk aquamancers (Shoals:4)
  2 caustic shrike simulacra
  2 spriggan air magi (Depths:3)
  A boulder beetle (shapeshifter) (Vaults:2)
  39 vault guards
  Erica (D:8)
  7 deep troll earth magi
  5 death knights
  11 anacondas
  2 anacondas (shapeshifter)
  13 two-headed ogres
  6 centaur warriors
  2 fenstrider witch skeletons
  28 dancing weapons
  7 boulder beetles
  12 naga warriors
  4 deep troll shamans
  4 satyrs
  4 spriggan berserkers
  12 death yaks
  2 holy swine (Shoals:4)
  8 vampire magi
  4 tengu warriors
  17 naga sharpshooters
  A demonic crawler (D:1)
  2 thrashing horrors (Lair:5)
  3 orc high priests (Orc:2)
  5 shock serpents
  16 deep elf knights
  2 soul eaters
  Nergalle (D:10)
  5 spriggans
  A titan skeleton (Vaults:3)
  A sun demon (Depths:1)
  Amaemon (D:7)
  10 hell knights
  A fire crab (shapeshifter) (Elf:2)
  5 salamander mystics
  6 skysharks
  A bunyip zombie (Crypt:1)
  33 skeletal warriors
  6 flayed ghosts
  3 iron trolls
  9 shadow wraiths (Crypt:3)
  A spectral death yak (Lair:5)
  3 cherubim (Shoals:4)
  14 sea snakes
  A spark wasp zombie (Depths:2)
  A ghost moth zombie (Crypt:1)
  A spectral anaconda (Lair:5)
  63 deep trolls
  12 spriggan simulacra
  A glowing orange brain (shapeshifter) (Vaults:5)
  A swamp dragon (Vaults:3)
  19 ironbound convokers
  A lindwurm (shapeshifter) (D:14)
  11 necromancers
  3 obsidian statues
  2 glowing orange brains
  4 naga ritualists
  25 phantasmal warriors
  8 orc knights
  A bog body (IceCv)
  15 harpies
  26 deep elf zephyrmancers
  A jorogumo zombie (Crypt:1)
  10 wizards
  8 deep elf archers
  6 lindwurms
  68 ugly things
  10 mana vipers
  8 orc sorcerers
  25 deep elf pyromancers
  A shadow dragon skeleton (Crypt:1)
  A stone giant zombie (Crypt:3)
  4 cyclopes
  An elephant (shapeshifter) (Vaults:5)
  18 fauns
  2 tengu skeletons
  3 shining eyes (Slime:5)
  13 manticores
  A shining eye (shapeshifter) (Vaults:5)
  An alligator skeleton (Crypt:3)
  19 salamanders
  3 elephants (Lair:5)
  24 moths of wrath
  7 merfolk sirens
  3 rust devils
  31 black mambas
  5 water nymphs
  11 guardian serpents
  26 naga magi
  3 smoke demons
  Maggie (D:7)
  2 orange demons
  2 gargoyles
  18 cane toads
  20 vault sentinels
  Joseph (D:10)
  2 naga skeletons
  A spriggan zombie (Depths:2)
  2 dire elephant zombies (Lair:5)
  2 rime drakes
  11 freezing wraiths
  22 yaktaurs
  An alligator snapping turtle zombie (Crypt:1)
  6 guardian mummies (Crypt:3)
  2 tengu conjurers
  5 komodo dragons
  6 ice devils
  A kobold demonologist (D:12)
  3 spectral harpies (Crypt:3)
  An anaconda simulacrum (IceCv)
  A queen bee (shapeshifter) (Vaults:5)
  16 merfolk
  A spectral naga (Crypt:3)
  6 trolls
  2 human skeletons
  3 alligator simulacra (IceCv)
  4 tarantellas
  A tengu simulacrum (Vaults:3)
  2 polar bears
  6 hornets
  3 wind drakes
  7 snapping turtles
  2 frost giant simulacra (Depths:1)
  41 saltlings (Desolation)
  An iron dragon simulacrum (Crypt:2)
  27 blink frogs
  2 snapping turtles (shapeshifter) (Vaults:5)
  9 dream sheep
  A slime creature (shapeshifter) (Vaults:5)
  Sigmund (D:5)
  A naga simulacrum (Crypt:3)
  118 slime creatures
  9 flying skulls (Crypt:3)
  A centaur simulacrum (D:14)
  A fire dragon skeleton (Crypt:2)
  4 vampires
  14 shadows
  50 yaks
  3 dire elephant simulacra (IceCv)
  13 water elementals
  3 air elementals
  3 wyverns
  A slime creature zombie (Crypt:2)
  A ynoxinul (Zot:2)
  4 basilisks
  A fire elemental (Elf:1)
  7 wraiths
  2 redbacks
  9 golden eyes
  A golden eye (shapeshifter) (Depths:4)
  2 steam dragons
  A neqoxec (D:14)
  3 death yak simulacra (Lair:5)
  A spectral cane toad (Lair:5)
  7 vampire mosquitoes
  68 nagas
  5 harpy simulacra
  A swamp worm (shapeshifter) (Vaults:3)
  7 wargs
  6 minotaur simulacra (IceCv)
  A wind drake skeleton (Crypt:1)
  2 hydra simulacra (IceCv)
  An acid dragon (D:10)
  A faun skeleton (Crypt:3)
  2 hell hounds (Lair:4)
  A meliai simulacrum (D:14)
  51 orc warriors
  9 water moccasins
  A glowing shapeshifter skeleton (Depths:1)
  A two-headed ogre skeleton (Crypt:3)
  A swamp drake (Orc:2)
  An ice beast (D:6)
  An elephant zombie (Lair:5)
  2 black bears
  An elephant skeleton (Lair:5)
  6 ogres
  7 centaurs
  11 wolves
  A phantom (D:4)
  A yaktaur zombie (Crypt:3)
  14 bullfrogs
  5 kobold brigands
  2 gnoll sergeants
  5 scorpions
  2 cane toad simulacra (Lair:5)
  2 necrophages (Crypt:3)
  8 deep troll simulacra (IceCv)
  A cyclops zombie (Crypt:1)
  5 wights
  A lindwurm simulacrum (IceCv)
  2 elephant simulacra (Lair:5)
  2 electric eels
  13 howler monkeys
  3 lava snakes
  A crimson imp (Orc:2)
  2 human zombies
  2 gnoll boudas (D:8)
  13 orc priests
  2 iron imps
  A jelly (Lair:5)
  2 iguanas
  A sleepcap (D:4)
  24 orc wizards
  2 ice beast zombies (Crypt:2)
  17 gnolls
  3 adders
  2 shadow imps
  3 white imps
  2 ufetubi
  An adder skeleton (D:3)
  3 dart slugs
  2 worms
  75 orcs
  4 ball pythons
  2 bats
  A bat skeleton (Crypt:3)
  8 endoplasms
  2 giant cockroaches
  2 gnoll zombies (Crypt:2)
  12 goblins
  15 hobgoblins
  4 jackals
  34 kobolds
  3 quokkas
  2 ball python zombies
  5 frilled lizards
  A giant cockroach zombie (D:3)
  A quokka skeleton (D:3)
  A quokka zombie (Crypt:2)
  6 rats
  A butterfly (D:6)
  5 tentacles
2581 creatures vanquished.

Vanquished Creatures (collateral kills)
  2 Orb Guardians (Zot:5)
  A draconian stormcaller (Zot:4)
  A draconian annihilator (Zot:2)
  A white draconian (Zot:3)
  A moth of wrath (Zot:3)
6 creatures vanquished.

Vanquished Creatures (others)
  A ghost moth (Zot:2)
  An orc warrior (Vaults:5)
  3 orcs (Orc:2)
  48 fire vortices
  8 tentacles
61 creatures vanquished.

Grand Total: 2648 creatures vanquished

Notes
Turn   | Place    | Note
-------+----------+-------------------------------------------
     0 | D:1      | Nattfarinn the Gargoyle Venom Mage began the quest for the
                  | Orb.
     0 | D:1      | Reached XP level 1. HP: 10/10 MP: 3/3
   268 | D:1      | Reached skill level 1 in Fighting
   332 | D:1      | Reached XP level 2. HP: 12/16 MP: 0/5
  1585 | D:2      | Found Yxkat's Assorted Antiques.
  1595 | D:1      | Reached XP level 3. HP: 21/21 MP: 1/6
  2158 | D:2      | Found Lahemer's Jewellery Shoppe.
  2209 | D:2      | Found Fyessais's Weapon Boutique.
  2338 | D:2      | Reached XP level 4. HP: 22/28 MP: 8/8
  2368 | D:2      | Found Culir's Jewellery Shoppe.
  2384 | D:2      | Found Reasiqy's Weapon Shop.
  3013 | D:3      | Reached skill level 1 in Armour
  3090 | D:3      | Learned a level 1 spell: Sandblast
  3318 | D:2      | Reached skill level 1 in Earth Magic
  3376 | D:3      | Reached XP level 5. HP: 17/32 MP: 5/9
  4337 | D:4      | Identified the +2 helmet "Juziex" {Str+3 Int-5 Dex+3
                  | Stlth+}
  4360 | D:4      | Reached XP level 6. HP: 35/37 MP: 0/10
  4723 | D:4      | Reached skill level 5 in Earth Magic
  5032 | D:5      | Entered Level 5 of the Dungeon
  5037 | D:5      | Learned a level 3 spell: Stone Arrow
  5194 | D:5      | Reached XP level 7. HP: 41/41 MP: 7/11
  5490 | D:5      | Noticed Sigmund
  5496 | D:5      | Killed Sigmund
  6218 | D:6      | Reached skill level 5 in Conjurations
  6218 | D:6      | Reached XP level 8. HP: 46/46 MP: 12/12
  6566 | D:6      | Found a staircase to the Ecumenical Temple.
  6574 | Temple   | Entered the Ecumenical Temple
  7049 | D:7      | Noticed Maggie
  7051 | D:7      | Found a snail-covered altar of Cheibriados.
  7068 | D:7      | Killed Maggie
  7463 | D:7      | Found a glowing golden altar of the Shining One.
  7613 | D:8      | Reached XP level 9. HP: 51/51 MP: 9/13
  7735 | D:8      | Noticed Amaemon
  7735 | D:8      | Noticed an orange demon
  7857 | D:7      | Killed Amaemon
  8051 | D:7      | Reached skill level 5 in Fighting
  8051 | D:7      | Reached skill level 5 in Armour
  8113 | D:8      | Killed an orange demon
  8125 | D:8      | HP: 1/54 [orc warrior/+0 glaive (17)]
  8246 | D:8      | Found a flagged portal.
  8255 | Bailey   | Entered a bailey
  8318 | Bailey   | Noticed an orc knight
  8714 | Bailey   | Learned a level 2 spell: Poisonous Vapours
  9051 | Bailey   | Reached XP level 10. HP: 60/60 MP: 7/14
  9843 | Bailey   | Killed an orc knight
 10755 | D:8      | Found a hide-covered altar of Uskayaw.
 11093 | D:8      | Noticed Erica
 11101 | D:8      | Killed Erica
 11299 | D:8      | Found Rauguf's Antique Armour Shop.
 11578 | D:9      | Found a bloodstained altar of Trog.
 11585 | D:9      | Found a shimmering altar of Xom.
 11590 | D:9      | Found a shadowy altar of Dithmenos.
 11593 | D:9      | Found a burning altar of Makhleb.
 11612 | D:9      | Noticed a two-headed ogre
 11625 | D:9      | Killed a two-headed ogre
 11851 | D:9      | Reached skill level 5 in Spellcasting
 11853 | D:9      | Reached XP level 11. HP: 64/68 MP: 6/18
 12226 | D:9      | Found a staircase to the Lair.
 12587 | D:9      | Found a radiant altar of Vehumet.
 12593 | D:9      | Became a worshipper of Vehumet
 12618 | D:9      | Found an opulent altar of Gozag.
 12656 | D:10     | Entered Level 10 of the Dungeon
 12698 | D:10     | Found a runed translucent door.
 12768 | D:10     | Noticed a two-headed ogre
 12774 | D:10     | Killed a two-headed ogre
 12795 | D:10     | Reached skill level 5 in Poison Magic
 13242 | D:10     | Noticed Nergalle
 13245 | D:10     | Noticed a skeletal warrior
 13329 | D:10     | Killed Nergalle
 13336 | D:10     | Reached * piety under Vehumet
 13336 | D:10     | Offered knowledge of Freeze by Vehumet.
 13341 | D:10     | Noticed Joseph
 13604 | D:10     | Killed a skeletal warrior
 13913 | D:10     | Killed Joseph
 13919 | D:10     | Learned a level 4 spell: Olgreb's Toxic Radiance
 14004 | D:10     | Noticed Gastronok
 14237 | D:10     | Killed Gastronok
 14238 | D:10     | Reached XP level 12. HP: 76/76 MP: 6/21
 14621 | D:10     | Reached skill level 10 in Fighting
 14828 | D:10     | Found a basalt altar of Yredelemnul.
 15079 | D:10     | Found a staircase to the Orcish Mines.
 15204 | D:10     | Identified the +0 pair of gloves of the Unbroken {rElec rF+
                  | Dex+4}
 15323 | Orc:1    | Entered Level 1 of the Orcish Mines
 15354 | Orc:2    | Entered Level 2 of the Orcish Mines
 15557 | Orc:2    | Noticed a soul eater
 15684 | Orc:2    | Noticed an orc high priest
 15703 | Orc:2    | Killed an orc high priest
 15704 | Orc:2    | Offered knowledge of Momentum Strike by Vehumet.
 15711 | Orc:2    | Reached ** piety under Vehumet
 15967 | Orc:2    | Noticed an orc high priest
 16079 | Orc:2    | Killed an orc high priest
 16173 | Orc:2    | Noticed a two-headed ogre
 16179 | Orc:2    | Killed a two-headed ogre
 16243 | Orc:2    | Noticed an ettin
 16250 | Orc:2    | Killed an ettin
 16429 | Orc:2    | Found Huyxtos's General Store.
 16585 | Orc:2    | Noticed a two-headed ogre
 16615 | Orc:2    | Killed a two-headed ogre
 16648 | Orc:2    | Reached skill level 10 in Earth Magic
 16697 | Orc:2    | Offered knowledge of Static Discharge by Vehumet.
 16742 | Orc:2    | Noticed an orc high priest
 16746 | Orc:2    | Noticed a soul eater
 16748 | Orc:2    | Killed an orc high priest
 16764 | Orc:2    | Noticed an orc warlord
 16900 | Orc:1    | Reached XP level 13. HP: 35/82 MP: 14/26
 17127 | Orc:2    | Found a staircase to the Elven Halls.
 17133 | Orc:2    | Found Legoshics's Book Emporium.
 17147 | Orc:2    | Reached *** piety under Vehumet
 17213 | Orc:2    | Bought a book of Annihilations for 900 gold pieces
 17241 | Orc:2    | Found Urryl Jism's Jewellery Shoppe.
 17296 | Orc:2    | Found Astratoq's Antique Weapon Shoppe.
 17547 | Orc:1    | Offered knowledge of Ignite Poison by Vehumet.
 18102 | Orc:2    | Found Egerug's Antique Armour Emporium.
 18241 | Orc:2    | Noticed an orc warlord
 18242 | Orc:2    | Reached **** piety under Vehumet
 18274 | Orc:2    | Killed an orc warlord
 18495 | Orc:2    | Offered knowledge of Irradiate by Vehumet.
 18798 | Orc:2    | Identified the +1 hat of Jefock {Fly rC+ Will++ Stlth-}
 18947 | Orc:2    | Learned a level 3 spell: Mephitic Cloud
 19030 | Orc:2    | Bought a cloak for 126 gold pieces
 19059 | Orc:2    | Bought a book of Fire for 480 gold pieces
 19157 | Lair:1   | Entered Level 1 of the Lair of Beasts
 19521 | Lair:1   | Reached skill level 15 in Earth Magic
 19822 | Lair:1   | Noticed Harold
 19830 | Lair:1   | Killed Harold
 20437 | Lair:2   | Reached ***** piety under Vehumet
 20437 | Lair:2   | Offered knowledge of Spellforged Servitor by Vehumet.
 20705 | Lair:2   | Gained mutation: Your large and strong wings let you fly.
                  | [Gargoyle growth]
 20705 | Lair:2   | Reached XP level 14. HP: 79/88 MP: 20/27
 20963 | Lair:2   | Found a staircase to the Shoals.
 21928 | Lair:3   | Found a staircase to the Snake Pit.
 22929 | Lair:4   | Found a dark tunnel.
 22986 | Volcano  | Entered a volcano
 23026 | Volcano  | Found a burning altar of Makhleb.
 24791 | Lair:4   | Found the +1 robe of Vines {NoPotionHeal Regen++++}
 24793 | Lair:4   | Identified the amulet of the Philosopher {Reflect Str+3
                  | SH+5}
 24963 | Lair:5   | Entered Level 5 of the Lair of Beasts
 25239 | Lair:5   | Noticed Rupert
 25260 | Lair:5   | Reached XP level 15. HP: 81/92 MP: 13/28
 25512 | Lair:5   | Killed Rupert
 25603 | Lair:5   | Identified the +9 quarterstaff of Conversion {vamp, *Slow
                  | rF+++ rC+ Int+2}
 25640 | Lair:5   | Offered knowledge of Lee's Rapid Deconstruction by Vehumet.
 25961 | Lair:5   | Found a transporter.
 26241 | Lair:5   | Found a viscous altar of Jiyva.
 26242 | Lair:5   | Found a staircase to the Slime Pits.
 26291 | Lair:5   | Noticed Ratslayer's ghost (journeyman MiBe)
 26309 | Lair:5   | Found a transporter.
 26314 | Lair:5   | Found a one-way gate to the infinite horrors of the Abyss.
 27650 | Lair:5   | Identified the +2 leather armour "Pova" {rN+ Will++ Str-4}
 27667 | Lair:5   | Learned a level 9 spell: Shatter
 29333 | D:12     | Found a blossoming altar of Fedhas.
 29639 | Orc:1    | Killed an orc warlord
 29749 | Orc:2    | Bought a crude quarterstaff for 288 gold pieces
 29749 | Orc:2    | Identified the +1 quarterstaff "Yfanges" {heavy, +Blink}
                  | (You bought it in a shop on level 2 of the Orcish Mines)
 29749 | Orc:2    | Bought an iridescent broad axe for 288 gold pieces
 29749 | Orc:2    | Identified the +6 broad axe "Xuppedus" {heavy, rPois Str+2}
                  | (You bought it in a shop on level 2 of the Orcish Mines)
 29749 | Orc:2    | Bought an iridescent halberd for 288 gold pieces
 29749 | Orc:2    | Identified the +3 halberd of Reason {holy, Fragile rC+
                  | rCorr Str+3} (You bought it in a shop on level 2 of the
                  | Orcish Mines)
 29879 | D:13     | Noticed Frances
 29891 | D:13     | Killed Frances
 29892 | D:13     | Reached skill level 1 in Axes
 30260 | D:13     | Got an ancient book
 30407 | D:13     | Found Boriefutt's Neck Hole.
 30433 | D:13     | Bought a +2 cloak for 214 gold pieces
 30524 | D:13     | Found a gate to the Vaults.
 30823 | D:14     | Offered knowledge of Bombard by Vehumet.
 31063 | D:14     | Noticed Jorgrun
 31067 | D:13     | Reached skill level 5 in Axes
 31067 | D:13     | Reached XP level 16. HP: 60/97 MP: 13/29
 31248 | D:14     | Killed Jorgrun
 31372 | D:14     | Found an ancient bone altar of Kikubaaqudgha.
 31530 | D:15     | Entered Level 15 of the Dungeon
 31768 | D:15     | Found a staircase to the Depths.
 32375 | Depths:1 | Entered Level 1 of the Depths
 32375 | Depths:1 | Noticed a tengu reaver
 32478 | D:15     | Killed a tengu reaver
 32605 | Depths:1 | Noticed a sphinx
 32618 | D:15     | Killed a sphinx
 33523 | Depths:1 | Found a gateway to Hell.
 33821 | Depths:1 | Found Wereug's Weapon Boutique.
 33900 | Depths:1 | Found a glowing golden altar of the Shining One.
 33967 | Depths:1 | Found a burning altar of Makhleb.
 34003 | Depths:1 | Found a glowing golden altar of the Shining One.
 34426 | Snake:1  | Entered Level 1 of the Snake Pit
 34431 | Snake:1  | Reached skill level 10 in Axes
 34431 | Snake:1  | Reached XP level 17. HP: 102/102 MP: 15/30
 34963 | Snake:1  | Offered knowledge of Ozocubu's Refrigeration by Vehumet.
 35054 | Snake:1  | Found Peik's General Store.
 35058 | Snake:1  | Found Ihelo's Weapon Boutique.
 35059 | Snake:1  | Found Caaseuq's Magic Scroll Shop.
 35547 | Snake:2  | Found Naicoj's Distillery.
 36016 | Snake:2  | Found Jufiysol's Weapon Boutique.
 36698 | Snake:2  | Found Qibbinni's Book Shop.
 36701 | Snake:2  | Found Jeczo's Distillery.
 36716 | Snake:2  | Bought a potion of mutation for 152 gold pieces
 36716 | Snake:2  | Bought a potion of mutation for 152 gold pieces
 36716 | Snake:2  | Bought a potion of mutation for 152 gold pieces
 36950 | Snake:2  | Identified a scroll of acquirement
 36952 | Snake:2  | Acquired the +3 war axe of Qaoniup {heavy, rElec rC+ rN+++
                  | Dex-2}
 38534 | Snake:3  | Offered knowledge of Fireball by Vehumet.
 39415 | Shoals:1 | Entered Level 1 of the Shoals
 39731 | Shoals:1 | Noticed a kraken
 39758 | Shoals:1 | Reached XP level 18. HP: 107/107 MP: 15/31
 39829 | Shoals:1 | Noticed Louise
 39833 | Shoals:1 | Killed Louise
 40888 | Shoals:2 | Noticed Mlioglotl
 40892 | Shoals:2 | Killed Mlioglotl
 40896 | Shoals:2 | Noticed Aizul
 41369 | Shoals:2 | Noticed Polyphemus
 41370 | Shoals:2 | Killed Aizul
 41373 | Shoals:2 | Killed Polyphemus
 42052 | Shoals:2 | Reached ****** piety under Vehumet
 42924 | Shoals:3 | Noticed Donald
 42927 | Shoals:3 | Killed Donald
 42928 | Shoals:3 | Reached skill level 10 in Spellcasting
 43029 | Shoals:3 | Found a frozen archway.
 43038 | Shoals:3 | Offered knowledge of Orb of Destruction by Vehumet.
 43043 | IceCv    | Entered an ice cave
 43605 | IceCv    | Identified the +6 spear "Spiderslayer" {heavy, rF+ rC+}
 43916 | Shoals:3 | Offered knowledge of Eringya's Noxious Bog by Vehumet.
 44692 | Shoals:4 | Entered Level 4 of the Shoals
 44696 | Shoals:4 | Reached XP level 19. HP: 112/112 MP: 30/35
 45713 | Shoals:4 | Identified the +3 scale mail of the First Invaders {rElec
                  | Str+4 Int-2 Dex+3}
 45889 | Shoals:4 | Found a glowing silver altar of Zin.
 45911 | Shoals:4 | Got a well-preserved book
 45979 | Shoals:4 | Found a white marble altar of Elyvilon.
 46022 | Shoals:4 | Offered knowledge of Polar Vortex by Vehumet.
 46022 | Shoals:4 | Offered knowledge of Ignition by Vehumet.
 46022 | Shoals:4 | Offered knowledge of Maxwell's Capacitive Coupling by
                  | Vehumet.
 46385 | Shoals:4 | Found a glowing golden altar of the Shining One.
 46399 | Shoals:4 | Got a barnacled rune of Zot
 46750 | Snake:3  | Learned a level 8 spell: Ignition
 46783 | Snake:4  | Entered Level 4 of the Snake Pit
 46941 | Snake:4  | Reached skill level 1 in Fire Magic
 47486 | Snake:4  | Reached skill level 5 in Fire Magic
 48396 | Snake:4  | Got a serpentine rune of Zot
 48880 | Vaults:1 | Entered Level 1 of the Vaults
 49126 | Vaults:1 | Reached skill level 1 in Shields
 49135 | Vaults:1 | Identified the +4 dagger of the Mind {vamp, rElec Will+
                  | SInv}
 49168 | Vaults:1 | Reached XP level 20. HP: 117/117 MP: 38/38
 49387 | Vaults:1 | Reached skill level 5 in Shields
 51066 | Vaults:2 | Reached skill level 10 in Shields
 51067 | Vaults:2 | Noticed a bone dragon
 51074 | Vaults:2 | Killed a bone dragon
 51152 | Vaults:2 | Found a staircase to the Crypt.
 52204 | Vaults:2 | Found Ijoluri's Antique Weapon Shoppe.
 52407 | Vaults:3 | Reached XP level 21. HP: 128/128 MP: 27/39
 52688 | Vaults:3 | Found a crumbling gateway.
 52697 | Desolati | Entered the Desolation of Salt
 53145 | Desolati | Reached skill level 15 in Fighting
 53148 | Desolati | Got a whispering book
 53179 | Desolati | Identified the +3 rapier "Ischimmu" {drain, Contam rPois
                  | Dex+3}
 53205 | Desolati | Identified the ring of Sykethudd {Will+ Dex+6}
 53461 | Desolati | Got a levitating book
 54624 | Vaults:3 | Reached skill level 10 in Fire Magic
 54779 | Vaults:3 | Identified the +2 quarterstaff of Impermanence {freeze, rF-
                  | rCorr Str+2}
 54828 | Vaults:3 | Identified the +5 short sword of Untruth {venom, Drain rC+
                  | rN+}
 55228 | Vaults:3 | Identified the +6 spear "Zikeseed" {flame, rElec Int-2
                  | Dex+7 SInv}
 55269 | Vaults:3 | Identified the ring "Asmeh" {Str+6 Int+3}
 55459 | Vaults:3 | Reached XP level 22. HP: 142/142 MP: 40/40
 55573 | Vaults:3 | Learned a level 8 spell: Lehudib's Crystal Spear
 55599 | Vaults:4 | Noticed Mara
 55602 | Vaults:4 | Killed Mara
 56178 | Vaults:4 | Identified the +0 chain mail "Ewkusodu" {rPois Regen+
                  | Str+4}
 56506 | Vaults:4 | Found Eciwk's Weapon Boutique.
 57366 | Slime:1  | Entered Level 1 of the Pits of Slime
 57835 | Slime:3  | Reached skill level 15 in Fire Magic
 58216 | Slime:5  | Entered Level 5 of the Pits of Slime
 60172 | Slime:5  | Noticed the Royal Jelly
 60176 | Slime:5  | Killed the Royal Jelly
 60441 | Slime:5  | Reached XP level 23. HP: 73/147 MP: 41/41
 60639 | Slime:5  | Got a slimy rune of Zot
 60652 | Slime:5  | Identified the ring "Wittuav" {rPois Int+6}
 60846 | Slime:5  | Identified the ring of Makhleb's Esteem {rPois Str+6 Int+6
                  | Slay-5 SInv}
 61273 | Slime:5  | Learned a level 6 spell: Bombard
 61397 | Slime:2  | Reached skill level 10 in Armour
 62210 | Lair:5   | Killed Ratslayer's ghost
 62628 | Vaults:5 | Entered Level 5 of the Vaults
 62654 | Vaults:5 | Noticed Saint Roka
 62655 | Vaults:5 | Noticed Frederick
 62803 | Vaults:5 | Killed Frederick
 62804 | Vaults:5 | Killed Saint Roka
 62808 | Vaults:5 | Noticed a golden dragon
 62813 | Vaults:5 | Killed a golden dragon
 63092 | Vaults:5 | Reached XP level 24. HP: 131/160 MP: 28/41
 63905 | Vaults:5 | Got a silver rune of Zot
 64047 | Vaults:5 | Identified the orb of Kioffeh {*Rage, rElec Will+}
 64049 | Vaults:5 | Found the +3 hat of Pondering {ponderous, Will+ MP+10
                  | Int+5}
 64135 | Vaults:5 | Identified the +10 scale mail "Taoq" {rF+ Will- SInv}
 64483 | Vaults:5 | Got an embossed book
 65128 | Depths:2 | Found Diavalo's General Store.
 65176 | Depths:2 | Found a runed translucent door.
 65180 | Depths:2 | Found the +4 consecrated labrys {holy, Valiant Fragile Fly
                  | SInv}
 65251 | Depths:2 | Found a one-way gate leading to the halls of Pandemonium.
 65260 | Depths:2 | Reached skill level 15 in Shields
 65543 | Depths:2 | Found a stormy altar of Qazlal.
 65858 | Depths:3 | Identified the +11 mace of Onidiara {drain, Dex+5}
 66033 | Depths:3 | Found an iron altar of Okawaru.
 66437 | Depths:3 | Found a one-way gateway to a ziggurat.
 66689 | Depths:3 | Found Wafinn's Weapon Shoppe.
 67107 | Depths:4 | Entered Level 4 of the Depths
 67117 | Depths:4 | Reached XP level 25. HP: 168/168 MP: 13/41
 67369 | Depths:3 | Reached skill level 5 in Dodging
 67560 | Depths:4 | Noticed Ipoacuoz's ghost (veteran TeWr)
 67586 | Depths:4 | Killed Ipoacuoz's ghost
 67866 | Depths:4 | Found a runed translucent door.
 67901 | Depths:4 | Acquired the +1 pair of boots of Calculation {Int+3}
 68543 | Depths:4 | Found a gate to the Realm of Zot.
 68749 | Depths:4 | Found a sacrificial altar of Ru.
 68951 | Crypt:1  | Entered Level 1 of the Crypt
 69693 | Crypt:1  | Reached skill level 10 in Dodging
 70708 | Crypt:2  | Noticed an ancient lich
 70824 | Crypt:2  | Killed an ancient lich
 71721 | Crypt:2  | Found a runed translucent gate.
 71722 | Crypt:2  | Found a runed translucent gate.
 71723 | Crypt:2  | Found a runed translucent gate.
 71723 | Crypt:2  | Noticed Wuppom's ghost (veteran GrFi)
 71724 | Crypt:2  | Noticed an ancient lich
 71724 | Crypt:2  | Found an ancient bone altar of Kikubaaqudgha.
 71724 | Crypt:2  | Noticed Utoppaes's ghost (veteran GrFi)
 71748 | Crypt:2  | Killed an ancient lich
 71749 | Crypt:2  | Reached XP level 26. HP: 173/173 MP: 13/41
 71772 | Crypt:2  | Killed Wuppom's ghost
 71780 | Crypt:2  | Killed Utoppaes's ghost
 71920 | Crypt:2  | Identified the ring "Systuc" {*Corrode rF+ rC++ rN++}
 71925 | Crypt:2  | Acquired the scarf of the Farmer {repulsion, Drain rPois
                  | rN+ Stlth+}
 71930 | Crypt:2  | Identified the +0 helmet of Defence {rElec rC+ Dex+5}
 71977 | Crypt:3  | Entered Level 3 of the Crypt
 71980 | Crypt:3  | Identified the ring of the Well-Known Quests {Ice rElec
                  | SInv}
 71980 | Crypt:3  | Noticed Josephina
 71982 | Crypt:3  | Killed Josephina
 72140 | Crypt:3  | Reached skill level 10 in Conjurations
 72142 | Crypt:3  | Noticed Grunn
 72594 | Crypt:3  | Found a staircase to the Tomb.
 72729 | Crypt:3  | Killed Grunn
 73139 | Crypt:3  | Found an ancient bone altar of Kikubaaqudgha.
 73254 | Crypt:3  | Found a runed translucent door.
 73255 | Crypt:3  | Noticed Qufid's ghost (veteran MiBe)
 73763 | Crypt:3  | Identified the +7 chain mail of Fortitude {rF+ rN+}
 73840 | Crypt:3  | Identified the ring "Zunuarr" {rN+ Str+3 Int+3 Stlth+}
 73840 | Crypt:3  | Identified the amulet "Dyatev" {Contam Harm Regen+ Int+6
                  | SInv}
 73840 | Crypt:3  | Identified the ring of Hiowiles {rPois rF- rN+ Int+3 SInv}
 74046 | Crypt:3  | Killed Qufid's ghost
 74180 | Crypt:3  | Identified the scarf of Fun and Games {+Inv, Str+9 Int-4}
 74402 | Elf:1    | Entered Level 1 of the Elven Halls
 74768 | Elf:1    | Found a portal to a secret trove of treasure.
 74822 | Elf:1    | You paid a toll of 12 potions of heal wounds to enter a
                  | treasure trove
 74823 | Trove    | Entered a treasure trove
 74828 | Trove    | Found the +3 pair of seven-league boots {Rampage+∞}
 74829 | Trove    | Found the +3 pair of gauntlets of War {Slay+5}
 74829 | Trove    | Found the +2 hood of the Assassin {Detect Stab+ Stlth++}
 74833 | Trove    | Identified the +0 kite shield of Oloxutag {rF+ Int+2}
 74837 | Trove    | Identified the +0 cloak of True Grit {rElec rPois}
 74842 | Trove    | Identified the scarf "Wuvul" {rC+ rF+, SInv}
 74843 | Trove    | Identified the +0 scale mail of Forking Paths {*Corrode
                  | Int+4 Dex+5}
 74845 | Trove    | Identified the +1 pair of boots of Zajifr Cysh {Str+2 Int-5
                  | Dex+8 SInv}
 74846 | Trove    | Identified the +4 helmet "Axedwu Bios" {rElec}
 75545 | Elf:1    | Got a rare book
 75915 | Elf:1    | Reached skill level 15 in Conjurations
 76428 | Elf:2    | Found a huge runed translucent gate.
 76428 | Elf:2    | Found a huge runed translucent gate.
 76428 | Elf:2    | Found a huge runed translucent gate.
 76428 | Elf:2    | Found a huge runed translucent gate.
 76428 | Elf:2    | Found a huge runed translucent gate.
 76431 | Elf:2    | Paralysed by an air elemental for 1 turns
 77125 | Elf:2    | Noticed Norris
 77130 | Elf:2    | Killed Norris
 77136 | Elf:2    | Reached XP level 27. HP: 178/178 MP: 20/41
 77373 | Elf:3    | Entered Level 3 of the Elven Halls
 77956 | Elf:3    | Paralysed by an air elemental for 1 turns
 78099 | Elf:3    | Identified the amulet "Ixedong" {Acrobat -Tele rElec Will+
                  | MP+9}
 78460 | Elf:3    | Identified the +6 whip of Triumph {heavy, Str+3 Int+3}
 78460 | Elf:3    | Identified the orb "Gawedin" {*Rage, rF- Will- Int+6
                  | Stlth+}
 78577 | Elf:3    | Identified the +7 spear "Usiririu" {freeze, Int+3 Dex+2
                  | SInv}
 78650 | Elf:3    | Identified the +1 kite shield of Cotrakas {rElec Int-3
                  | Dex+2}
 79074 | Elf:3    | Identified the +10 hand axe of Mafor {protect, Dex+2}
 79333 | Elf:3    | Found Qetyfer's General Store.
 79479 | Elf:3    | Learned a level 9 spell: Fire Storm
 79729 | Zot:1    | Entered Level 1 of the Realm of Zot
 80716 | Zot:1    | Identified the +9 orcbow "Gram" {speed, SInv}
 81363 | Zot:1    | Gained mutation: You occasionally lose the ability to read
                  | scrolls when taking damage. [mutagenic glow]
 81415 | Zot:1    | Lost mutation: You occasionally lose the ability to read
                  | scrolls when taking damage. [potion of mutation]
 81415 | Zot:1    | Gained mutation: You have a pair of small horns on your
                  | head. [potion of mutation]
 81415 | Zot:1    | Gained mutation: You are somewhat resistant to further
                  | mutation. [potion of mutation]
 81842 | Zot:2    | Noticed an orb of fire
 81886 | Zot:2    | Killed an orb of fire
 82269 | Zot:2    | Noticed a dread lich
 82270 | Zot:2    | Noticed an orb of fire
 82419 | Zot:2    | Found a radiant altar of Vehumet.
 82420 | Zot:2    | Found a transporter.
 82603 | Zot:2    | Identified the ring of Toiniuzu {Int+6 Slay+4}
 82739 | Zot:2    | Killed a dread lich
 82756 | Zot:2    | Killed an orb of fire
 82978 | Zot:2    | Found a transporter.
 85119 | Zot:4    | Identified the +0 ring mail of the Dice {rPois Int+2
                  | Slay-3}
 85853 | Zot:5    | Entered Level 5 of the Realm of Zot
 87725 | Zot:5    | Noticed a dread lich
 87726 | Zot:5    | Noticed an orb of fire
 87733 | Zot:5    | Killed a dread lich
 87736 | Zot:5    | Killed an orb of fire
 87893 | Zot:5    | Noticed an ancient lich
 87897 | Zot:5    | Killed an ancient lich
 88080 | Zot:5    | Noticed a dread lich
 88086 | Zot:5    | Killed a dread lich
 89049 | Zot:5    | Noticed an orb of fire
 89871 | Zot:5    | Killed an orb of fire
 90115 | Zot:5    | Noticed an ancient lich
 90120 | Zot:5    | Killed an ancient lich
 92487 | Zot:3    | Learned a level 2 spell: Passwall
 92490 | Zot:3    | Learned a level 2 spell: Blink
 92662 | Zot:5    | Got the Orb of Zot
 92758 | Zot:2    | Noticed Ytaen the pandemonium lord
 92774 | Zot:2    | Killed Ytaen the pandemonium lord
 92838 | Depths:3 | Noticed Xuushukh the pandemonium lord
 92983 | D:14     | Noticed Weosed the pandemonium lord
 93101 | D:9      | Noticed Qickeuha the pandemonium lord
 93287 | D:$      | Escaped with the Orb!

Illustrated notes

Levels and vault maps discovered:
D:1:      evilmike_arrival_rings, layout_basic
D:2:      layout_rooms, serial_shops, nicolae_shop_stone,
          nicolae_shop_waterfront, nicolae_shop_bloodbath_and_beyond,
          shop_coins, nicolae_shop_tiny_glass
D:3:      minmay_evil_eye, layout_loops_cross, serial_undead, serial_undead_b,
          serial_undead_f, serial_undead_d, serial_undead_b,
          minmay_misc_feat_encased, minmay_randomly_rotated_circles
D:4:      layout_loops_ring, kennysheep_big_empty_room, st_stairs_5
D:5:      layout_loops_ring, uniq_sigmund
D:6:      layout_basic, minmay_temple_entry_butterflies
D:7:      layout_rooms, kennysheep_little_box, mainiacjoe_overflow_catwalk,
          uniq_maggie
D:8:      layout_basic, nicolae_uskayaw_suspiria, enter_bailey_5, serial_shops,
          nicolae_shop_hallway_stairs, uniq_amaemon, uniq_erica
D:9:      layout_gridville, grunt_temple_overflow_cloverleaf,
          mainiacjoe_overflow_two_lobes, dpeg_oklobed_lair
D:10:     minmay_imperfect_grid, layout_loops_ring, dk_yredelemnul_ordeal,
          uniq_joseph, uniq_nergalle, uniq_gastronok
D:11:     layout_cave_pools
D:12:     layout_basic, fedhas_ov_isle_minmay
D:13:     layout_big_octagon, nicolae_shop_sticking_my_neck_out, uniq_frances
D:14:     layout_basic, kiku_gazebo_garden_becter, uniq_jorgrun
D:15:     hellmonk_depths_entry_around_the_bend, layout_basic, hex_tiny
Temple:   nicolae_temple_no_exploring_needed
Lair:1:   wad_woods_pond, layout_regular_city, minmay_holes, uniq_harold
Lair:2:   layout_regular_city, nicolae_shoals_entry_flooding
Lair:3:   layout_gridlike, guppyfry_snake_entry_garden, serial_bayou_shore_b,
          infiniplex_staircase_pool, grunt_megastairs_5
Lair:4:   nzn_winding_woodlands_cross [nzn_winding_woodlands_5x15_default,
          nzn_winding_woodlands_5x15_garden, nzn_winding_woodlands_5x15_pockets,
          nzn_winding_woodlands_5x15_cabin,
          nzn_winding_woodlands_15x15_thick_spiral], layout_regular_city,
          enter_volcano_3
Lair:5:   due_jungle_book, layout_loops_ring, minmay_slime_entry_pillars,
          gammafunk_ghost_abyssal_escape, infiniplex_staircase_pool_2,
          uniq_rupert
Shoals:1: layout_shoals, uniq_louise
Shoals:2: layout_shoals, nicolae_shoals_shepherds, uniq_polyphemus, uniq_aizul,
          uniq_mlioglotl
Shoals:3: layout_shoals, portal_ice_cave_entry_dragon, uniq_donald
Shoals:4: shoals_end_hellmonk_holy_island
Snake:1:  layout_concentric_octagons, serial_bayou_shore_a, minmay_shop_star
Snake:2:  layout_rooms, minmay_shoptagon
Snake:3:  layout_layer_cave, nicolae_triple_integral
Snake:4:  minmay_snake_end_coiled, layout_onion_interference,
          nicolae_snake_gridmaze_big_u
Slime:1:  layout_caves
Slime:2:  cheibrodos_slime_lost_civilization_3, layout_caves
Slime:3:  layout_caves, nicolae_slime_phagocytosis
Slime:4:  layout_caves
Slime:5:  slime_pit_nicolae_inversion
Orc:1:    nicolae_orc_accident_3, layout_diamond_mine
Orc:2:    grunt_orc_gardens, layout_caves, grunt_orc_garden, grunt_orc_garden,
          grunt_orc_garden, grunt_orc_garden, serial_shops,
          nicolae_shop_tiny_glass, hangedman_minor_magic
Elf:1:    layout_geoelf_octagon, trove_entry_hex_spiral, evilmike_minifort
Elf:2:    elven_hall_of_blades_hangedman_alternative [grunt_blade_entry_basic],
          layout_loops_corners, uniq_norris
Elf:3:    grunt_elf_hall_spiral, layout_loops_corners, serial_shops,
          nicolae_shop_statue_plus
Vaults:1: st_more_cells, v_alt_pattern_4, ontoclasm_vaults_bender,
          ontoclasm_vaults_fault, nicolae_vaults_oval_intersection,
          nicolae_vaults_trapezoid_layered, nicolae_vaults_octothorpe,
          v_misc_26, serial_ice_m, nicolae_vaults_house_3,
          nicolae_vaults_diamond_1, vaults_dpeg_encased_lava,
          layout_vaults_quadrants
Vaults:2: minmay_crypt_entry_nasty_monster, nicolae_vaults_tetromino_T_1,
          v_alt_pattern_6, nicolae_vaults_heist, nicolae_vaults_alarming,
          v_rooms_6, nicolae_vaults_little_squares_1,
          nicolae_vaults_security_offices_6, nicolae_vaults_apartment_1,
          nicolae_vaults_little_squares_2, nicolae_vaults_apartment_1,
          nicolae_vaults_wine_cellar, hangedman_vaults_cutoff,
          layout_vaults_omnicross, serial_shops, shop
Vaults:3: portal_desolation_entry_garden, nicolae_vaults_more_shelving_2,
          st_greater_box_4, nicolae_vaults_puzzle_piece,
          nicolae_vaults_frosty_reception, nicolae_vaults_tetromino_T_1,
          nicolae_vaults_apartment_1, hangedman_vaults_snaps,
          nicolae_vaults_sightless_eye, nicolae_vaults_prndl,
          nicolae_vaults_mini_display_case, ontoclasm_vaults_gateway,
          nicolae_vaults_trapezoid_lopsided_3, layout_vaults_chaotic_city
Vaults:4: nicolae_vaults_trapezoid_layered, grunt_vaults_hallway_long,
          nicolae_vaults_closet_pinwheel_6, st_star, grunt_vaults_hallway_short,
          grunt_vaults_hallway_long, ontoclasm_vaults_shuriken,
          nicolae_vaults_little_squares_5, hangedman_vaults_capsules,
          vaults_room_corners, nicolae_vaults_house_1,
          nicolae_vaults_tetromino_T_1, v_misc_26, layout_vaults_ring,
          serial_shops, shop, uniq_mara
Vaults:5: uniq_saint_roka, uniq_frederick
Crypt:1:  layout_basic, st_stairs_4
Crypt:2:  layout_misc_corridors, gammafunk_ghost_crypt
Crypt:3:  church_of_pain_bobbens, layout_chaotic_city, tomb_entry_shell_bobbens,
          ebering_ghost_reflecting_pool, uniq_grunn, uniq_josephina
Depths:1: layout_twisted_cross, hell_entry, tso_altar, serial_shops,
          kennysheep_mini_moat, nzn_life_drinkers, serial_bayou_shore_b,
          infiniplex_staircase_pool_lava
Depths:2: minmay_gate_of_8, layout_cave_pools, pf_hell_entry_great_geh,
          old_standard_altar, rand_demon_pan_entry_7, serial_shops,
          nicolae_shop_window_shopping, chequers_serial_rivers_small_a,
          infiniplex_staircase_pool_1, serial_bayou_shore_b
Depths:3: dreamdust_tengu_aerie, layout_gridville, enter_ziggurat_a,
          serial_shops, nicolae_shop_mannequins, pf_hell_entry_tar_spiral,
          abyss_entry, hangedman_decor_opposing, hex_large, okawaru_gym_becter,
          serial_bayou_shore_b
Depths:4: grunt_zot_entry_alcove, layout_gridlike,
          nicolae_kite_square_tiling_tiny, hangedman_coc_ice_floe,
          hellmonk_ghost_happy_afterlife, nicolae_ru_the_path_less_chosen
Zot:1:    layout_concentric_octagons
Zot:2:    gammafunk_sealed_library, layout_misc_corridors, lemuel_elevator,
          grunt_megastairs_4
Zot:3:    layout_cathedral_of_symmetry
Zot:4:    layout_concentric_octagons
Zot:5:    layout_basic

Skill      XL: |  1  2  3  4  5  6  7  8  9 10 11 12 13 14 15 16 17 18 19 20 21 22 23 24 25 26 27 |
---------------+----------------------------------------------------------------------------------+-----
Fighting       | 1 2 3 6 7 9 10 12 16 18 19 25 | 25.0
Armour         | 1 7 9 13 | 13.7
Earth Magic    | 1 4 6 7 8 11 16 20 22 24 25 | 25.5
Conjurations   | 2 5 7 16 20 | 20.6
Spellcasting   | 5 6 9 12 14 | 14.2
Poison Magic   | 8 |  8.2
Axes           | 5 10 14 | 14.4
Fire Magic     | 8 12 17 20 | 20.6
Shields        | 3 11 18 | 18.6
Dodging        | 2 12 | 12.3
Maces & Flails | |  0.3
Stealth        | |  2.1
Transmutations | |  0.7

Action                     |  1- 3 |  4- 6 |  7- 9 | 10-12 | 13-15 | 16-18 | 19-21 | 22-24 | 25-27 || total
---------------------------+-------+-------+-------+-------+-------+-------+-------+-------+-------++-------
  Melee: Unarmed           |    41 |       |       |       |       |       |       |       |       ||    41
         Mace              |     9 |    82 |    76 |   166 |   337 |       |       |       |       ||   670
         Punch             |       |     1 |       |     4 |     6 |     1 |     3 |       |       ||    15
         Staff             |       |       |       |       |    16 |       |       |       |       ||    16
         Broad axe         |       |       |       |       |     2 |    93 |       |       |       ||    95
         War axe           |       |       |       |       |       |   150 |   480 |   464 |   102 ||  1196
         Labrys            |       |       |       |       |       |       |       |       |  1219 ||  1219
         Headbutt          |       |       |       |       |       |       |       |       |   131 ||   131
   Cast: Sting             |    56 |     9 |     6 |    11 |       |       |       |       |       ||    82
         Sandblast         |       |    79 |    86 |     8 |     4 |       |       |       |       ||   177
         Stone Arrow       |       |       |    81 |   300 |   545 |   150 |    20 |    10 |     2 ||  1108
         Poisonous Vapours |       |       |       |    14 |     8 |       |       |       |       ||    22
         Olgreb's Toxic Ra |       |       |       |    20 |    84 |     4 |       |       |       ||   108
         Mephitic Cloud    |       |       |       |       |     9 |     1 |       |       |       ||    10
         Shatter           |       |       |       |       |    23 |   188 |   229 |   222 |   358 ||  1020
         Ignition          |       |       |       |       |       |       |       |    32 |     8 ||    40
         Lehudib's Crystal |       |       |       |       |       |       |       |    17 |    92 ||   109
         Bombard           |       |       |       |       |       |       |       |     1 |     2 ||     3
         Fire Storm        |       |       |       |       |       |       |       |       |    45 ||    45
         Passwall          |       |       |       |       |       |       |       |       |    10 ||    10
  Evoke: Wand              |       |       |       |     2 |       |       |       |       |     2 ||     4
    Use: Potion            |       |     3 |     4 |     6 |     1 |       |       |     2 |     7 ||    23
         Scroll            |       |       |     8 |     6 |     8 |    14 |     6 |     2 |    17 ||    61
   Stab: Sleeping          |     1 |     1 |       |       |       |       |       |       |       ||     2
 Armour: Robe              |    14 |       |       |       |   531 |   533 |   620 |   587 |  1016 ||  3301
         Leather armour    |    35 |   124 |    56 |       |    82 |       |       |       |       ||   297
         Swamp dragon scal |       |       |   143 |   194 |       |       |       |       |       ||   337
         Acid dragon scale |       |       |       |   121 |   263 |       |       |       |       ||   384
  Dodge: Dodged            |    38 |   102 |   108 |   139 |   510 |   221 |   237 |   213 |   604 ||  2172
  Block: Other             |       |       |       |       |   130 |   127 |    65 |       |       ||   322
         Reflection        |       |       |       |       |     3 |    22 |    27 |     5 |    28 ||    85
         Buckler           |       |       |       |       |       |       |   192 |   383 |   441 ||  1016
         Kite shield       |       |       |       |       |       |       |       |       |   550 ||   550

Table legend: (Time is in decaauts)
 A = Elapsed time spent in this place.
 B = Non-inter-level travel time spent in this place.
 C = Inter-level travel time spent in this place.
 D = Time resting spent in this place.
 E = Time spent auto-exploring this place.
 F = Levels seen in this place.
 G = Mean time per level.
                   A        B        C        D        E       F      G
               +--------+--------+--------+--------+--------+-----+--------+
         Total |  93929 |  88544 |   5385 |  26082 |  46481 |  61 | 1539.8 |
       Dungeon |  19640 |  18066 |   1574 |   2701 |  12181 |  15 | 1309.3 |
        Temple |      1 |      1 |      0 |      0 |      0 |   1 |    1.0 |
          Lair |  10066 |   9212 |    854 |   1497 |   6184 |   5 | 2013.2 |
        Shoals |   6342 |   6056 |    286 |   2483 |   2766 |   4 | 1585.5 |
     Snake Pit |   6672 |   6398 |    274 |   2739 |   2648 |   4 | 1668.0 |
    Slime Pits |   4469 |   4136 |    333 |   1861 |   1452 |   5 |  893.8 |
  Orcish Mines |   4043 |   3721 |    322 |   1340 |   1633 |   2 | 2021.5 |
   Elven Halls |   4724 |   4563 |    161 |    734 |   3139 |   3 | 1574.7 |
        Vaults |  10152 |   9252 |    900 |   2069 |   5651 |   5 | 2030.4 |
         Crypt |   4721 |   4615 |    106 |   1142 |   2444 |   3 | 1573.7 |
        Depths |   5784 |   5490 |    294 |   1607 |   2938 |   4 | 1446.0 |
           Zot |  12645 |  12368 |    277 |   6277 |   4024 |   5 | 2529.0 |
         Trove |    367 |    367 |      0 |      0 |    172 |   1 |  367.0 |
        Bailey |   1934 |   1934 |      0 |   1091 |    230 |   1 | 1934.0 |
      Ice Cave |    702 |    702 |      0 |      0 |    460 |   1 |  702.0 |
       Volcano |    459 |    459 |      0 |    130 |    130 |   1 |  459.0 |
    Desolation |   1199 |   1199 |      0 |    410 |    428 |   1 | 1199.0 |
               +--------+--------+--------+--------+--------+-----+--------+

Top non-repeatable levels by time:
   Zot:5: 6499 daAuts
  Lair:5: 2821 daAuts
    D:10: 2706 daAuts
Vaults:4: 2490 daAuts
Vaults:1: 2317 daAuts
Vaults:2: 2315 daAuts
  Lair:4: 2306 daAuts
 Snake:2: 2231 daAuts
   Orc:2: 2166 daAuts
 Snake:3: 2154 daAuts
   Elf:2: 2108 daAuts
Shoals:3: 2080 daAuts
  Bailey: 1934 daAuts
  Lair:3: 1926 daAuts
   Zot:3: 1921 daAuts
